Map: Ruins of Endion

Players

GilTzOkO

  • Race: Terran Terran
  • League: Master

Miszu - Winner!

  • Race: Zerg Zerg
  • League: Master

VOD

Have the link to the VOD?

Description

Time

  • Played on: June 25, 2016, 7:26 p.m.
  • Length: 46:40
Show
View Real Time Build Order
Export as new Build Order

GilTzOkO Terran 

Build Orders: Hellion Banshee 

Get SALT Encoding   

  12  0:01  SCV  
  13  0:13  SCV  
  14  0:18  Supply Depot  
  14  0:25  SCV  
  15  0:40  SCV  
  16  0:46  Refinery  
  16  0:52  SCV  
  17  1:00  Barracks  
  17  1:04  SCV  
  18  1:16  SCV  
  19  1:28  SCV  
  20  1:34  Supply Depot  
  20  1:40  SCV  
  21  1:47  Reaper  
  21  1:52  SCV  
  23  1:59  Command Center  
  23  2:05  Orbital Command  
  23  2:12  Factory  
  23  2:18  Refinery  
  23  2:26  Reaper  
  24  2:30  SCV  
  24  2:31  Supply Depot  
  25  2:43  SCV  
  26  2:55  SCV  
  26  2:57  Starport  
  27  3:06  Factory Reactor  
  27  3:07  SCV  
  27  3:12  Orbital Command  
  28  3:19  SCV  
  29  3:20  Barracks Tech Lab  
  29  3:31  SCV  
  30  3:38  SCV  
  31  3:43  SCV  
  31  3:44  Hellion x2  
  31  3:46  Cloaking Field, Banshee  
  39  3:50  SCV  
  39  3:55  SCV  
  41  4:02  Command Center  
  41  4:03  SCV  
  41  4:05  Hellion  
  41  4:06  Hellion  
  46  4:11  Supply Depot  
  46  4:13  SCV  
  47  4:19  SCV  
  48  4:27  Hellion, SCV  
  48  4:28  Hellion  
  53  4:32  Supply Depot  
  53  4:33  Banshee  
  53  4:35  Supply Depot  
  56  4:39  SCV  
  56  4:40  SCV  
  58  4:48  Widow Mine x2  
  62  4:53  SCV  
  62  4:54  Supply Depot  
  62  4:57  Refinery  
  62  4:58  Refinery  
  63  5:05  SCV x2  
  65  5:11  Engineering Bay  
  65  5:14  Supply Depot  
  65  5:16  Banshee  
  65  5:19  Orbital Command  
  68  5:37  Widow Mine x2  
  68  5:38  SCV  
  73  5:55  SCV  
  73  5:56  SCV  
  75  5:58  Missile Turret  
  75  5:59  Barracks Reactor, SCV  
  75  6:00  Missile Turret  
  76  6:05  Starport  
  76  6:06  Missile Turret  
  76  6:07  SCV  
  76  6:08  SCV  
  75  6:13  SCV  
  75  6:15  Refinery, Hellion x2, Banshee  
  83  6:20  SCV x2  
  83  6:25  SCV  
  86  6:32  SCV x2  
  88  6:33  Starport  
  88  6:34  Supply Depot x2  
  88  6:37  SCV  
  88  6:38  Widow Mine x2  
  93  6:42  Starport  
  93  6:43  Starport  
  93  6:44  SCV x2  
  95  6:48  Liberator  
  95  6:49  Liberator, SCV  
  96  6:56  SCV x2  
  96  7:01  Liberator x2, SCV  
  98  7:02  Liberator  
  98  7:08  SCV x2  
  106  7:13  SCV  
  108  7:16  Missile Turret  
  108  7:18  Refinery  
  108  7:20  SCV x2  
  108  7:21  Supply Depot  
  119  7:23  Supply Depot  
  119  7:25  SCV  
  119  7:28  Command Center  
  120  7:32  SCV  
  121  7:41  Liberator  
  121  7:43  Liberator  
  118  7:47  SCV x3  
  118  7:48  Banshee  
  118  7:49  Widow Mine x2  
  128  7:57  Liberator  
  128  8:01  Armory  
  134  8:14  Viking, Liberator  
  134  8:17  Supply Depot  
  134  8:18  Supply Depot  
  134  8:19  Supply Depot  
  136  8:33  Hellion  
  141  8:38  Armory  
  141  8:39  Supply Depot, Hellion, SCV  
  144  8:43  Supply Depot  
  144  8:47  Command Center  
  144  8:49  SCV  
  144  8:53  Orbital Command  
  144  8:54  Hellion  
  147  9:03  Starport Tech Lab x4  
  147  9:05  Terran Ship Weapons Level 1  
  147  9:07  SCV  
  148  9:14  Hi-Sec Auto Tracking  
  148  9:17  Factory  
  148  9:18  Missile Turret  
  148  9:19  Missile Turret x2  
  148  9:20  SCV x2  
  148  9:21  SCV x2  
  152  9:26  Banshee  
  152  9:27  Raven, Banshee  
  160  9:34  Command Center  
  160  9:45  Refinery  
  160  9:54  Terran Vehicle And Ship Armor Level 1  
  160  9:56  Fusion Core  
  160  10:10  Banshee x2  
  160  10:12  Viking x2  
  170  10:15  Planetary Fortress  
  170  10:18  Refinery  
  170  10:22  Refinery  
  170  10:23  Viking  
  170  10:24  Factory Tech Lab  
  172  10:43  Drilling Claws  
  172  10:44  Raven  
  172  10:46  Hellion x3  
  180  10:55  SCV  
  180  10:56  Refinery  
  181  11:06  Viking x4  
  181  11:07  Hellion  
  181  11:27  Viking  
  181  11:33  Planetary Fortress  
  181  11:36  Viking, Battlecruiser x2  
  195  11:45  Terran Ship Weapons Level 2  
  195  11:46  Hellion, Command Center  
  195  11:47  Hellion  
  187  11:55  Hellion  
  189  12:08  Hellion  
  187  12:23  Command Center  
  187  12:24  Missile Turret x3  
  187  12:25  Banshee x2  
  187  12:26  Missile Turret x3  
  181  12:57  Hellion  
  181  12:58  Hellion x2  
  179  13:04  Command Center  
  173  13:09  Missile Turret  
  173  13:10  Missile Turret  
  173  13:11  Missile Turret  
  173  13:14  Command Center  
  173  13:15  Command Center  
  173  13:19  Hellion x3  
  175  13:39  Raven  
  175  13:40  Viking x2, Raven  
  183  13:43  Hyperflight Rotors, Advanced Ballistics  
  183  13:44  Corvid Reactor  
  183  13:46  Planetary Fortress  
  183  13:50  Planetary Fortress  
  183  13:52  Building Armor  
  183  13:53  Terran Vehicle And Ship Armor Level 2  
  183  14:11  Missile Turret x3  
  183  14:12  Missile Turret  
  183  14:16  Hellion  
  183  14:17  Hellion x2  
  177  14:32  Missile Turret  
  177  14:35  Missile Turret  
  177  14:40  Viking x2  
  181  14:47  Engineering Bay  
  181  14:48  Engineering Bay, Planetary Fortress  
  181  14:49  Missile Turret  
  181  14:52  Planetary Fortress  
  181  14:58  Widow Mine  
  181  14:59  Raven x3  
  183  15:08  Missile Turret  
  177  15:19  Hellion x2  
  177  15:20  Infernal Pre-Igniter  
  173  15:24  Missile Turret  
  173  15:26  Missile Turret  
  173  15:27  Hellion  
  175  15:33  Refinery, Orbital Command  
  175  15:34  Refinery  
  175  15:40  Hellion x2  
  179  15:42  Factory  
  179  15:49  Hellion  
  179  16:01  Hellion  
  179  16:02  Hellion, Banshee x5  
  194  16:07  Missile Turret  
  194  16:10  Hellion  
  190  16:14  Starport  
  190  16:15  Starport  
  190  16:17  Starport  
  190  16:33  Refinery x2  
  190  16:40  Factory Tech Lab  
  190  16:44  Banshee  
  190  16:45  Banshee x2  
  195  16:51  Starport Tech Lab  
  195  16:52  Starport Tech Lab  
  195  16:53  Starport Tech Lab  
  192  17:33  Banshee x3  
  198  17:53  Banshee x2  
  193  18:26  Battlecruiser x2  
  187  19:46  Battlecruiser x2  
  186  20:52  Viking x3  
  186  20:53  Viking x2  
  180  21:01  Viking  
  180  21:02  Viking x2  
  158  21:09  Hellion x4  
  156  21:22  Viking x3  
  156  21:23  Battlecruiser x2  
  174  21:30  Hellion x3  
  174  21:31  Hellion  
  174  21:32  Banshee, Battlecruiser x2  
  197  21:33  Weapon Refit  
  191  21:47  Command Center  
  191  21:51  Widow Mine x4  
  159  22:19  Widow Mine x3  
  159  22:20  Widow Mine  
  155  22:24  Battlecruiser x4  
  179  22:49  Hellion x4  
  185  23:10  Hellion x3  
  185  23:11  Hellion  
  193  23:17  Missile Turret  
  193  23:19  Missile Turret  
  193  23:26  Planetary Fortress  
  193  23:27  Missile Turret  
  193  23:36  Widow Mine x3  
  195  23:47  Hellion  
  185  24:05  Hellion  
  185  24:06  Hellion x2  
  185  24:08  Hellion  
  193  24:14  Battlecruiser  
  199  24:38  Hellion x3  
  189  24:47  Missile Turret  
  189  24:49  Missile Turret  
  189  25:12  Hellion x4  
  187  25:33  Hellion  
  187  25:34  Hellion x3  
  194  25:43  Banshee x2  
  197  25:55  Hellion  
  171  26:19  Battlecruiser x4  
  171  26:22  Behemoth Reactor  
  195  26:31  Hellion x3  
  193  26:53  Hellion x4  
  191  27:14  Hellion x2  
  197  27:16  Hellion x2  
  178  27:44  Banshee  
  178  27:45  Banshee x4  
  178  27:46  Banshee x3  
  193  27:59  Hellion x3  
  199  28:17  Refinery  
  199  28:18  Refinery  
  195  28:27  Raven x2  
  199  29:03  Terran Vehicle And Ship Armor Level 3  
  199  29:04  Terran Ship Weapons Level 3  
  199  29:05  Explosive Shrapnel Shells  
  141  30:14  Viking x3, Battlecruiser x4  
  141  30:15  Viking  
  157  30:22  Hellion x3  
  157  30:23  Hellion  
  157  30:28  Widow Mine x4  
  99  30:44  Viking x3  
  99  30:45  Viking  
  101  30:57  Widow Mine x3  
  101  30:58  Hellion  
  109  31:14  Viking, Raven  
  109  31:18  Raven x2  
  117  31:19  Hellion  
  117  31:25  Widow Mine x3  
  123  31:36  Liberator x5  
  123  31:40  Liberator  
  123  31:41  Hellion, Terran Vehicle Weapons Level 1  
  123  31:43  Liberator  
  134  31:54  Hellion  
  134  31:55  Hellion  
  144  32:06  Missile Turret x2  
  137  32:40  Banshee x4  
  149  33:19  Missile Turret  
  145  33:47  Viking x5  
  145  33:48  Viking x2  
  143  33:50  Viking  
  145  33:56  Hellion x3  
  145  33:57  Hellion  
  145  34:00  Liberator  
  153  34:03  Liberator  
  153  34:17  Viking, Hellion, Banshee x2  
  153  34:18  Hellion x3  
  175  34:38  Widow Mine x2  
  172  34:41  Hellion x2  
  180  34:46  Liberator  
  180  34:47  Liberator x7  
  192  35:29  Liberator x2  
  192  35:30  Liberator  
  195  35:56  Hellion x2  
  192  36:28  Liberator x3  
  192  36:29  Liberator  
  169  36:44  Battlecruiser x3  
  169  36:45  Viking  
  197  36:47  Hellion  
  199  36:58  Liberator  
  196  37:15  Liberator  
  196  37:16  Liberator x3  
  196  37:20  Missile Turret  
  178  37:47  Banshee  
  178  37:48  Banshee  
  182  37:54  Viking  
  182  37:58  Viking, Liberator  
  182  37:59  Liberator  
  178  38:15  Viking x2  
  187  38:24  Viking  
  189  38:28  Viking  
  189  38:30  Viking  
  189  38:31  Viking  
  193  38:45  Viking x2  
  197  38:54  Hellion  
  196  39:09  Widow Mine  
  196  39:10  Widow Mine  
  194  39:43  Hellion  
  194  39:44  Hellion x2  
  194  40:47  Raven x3  
  198  41:11  Viking  
  194  43:49  Hellion x2  
  179  45:59  Hellion x2  
  179  46:00  Hellion  
Show
View Real Time Build Order
Export as new Build Order

Miszu Zerg - Winner!

Build Orders: Hatch First 

Get SALT Encoding   

  12  0:02  Drone  
  13  0:12  Overlord  
  13  0:20  Drone  
  14  0:31  Drone x2  
  16  0:36  Drone  
  17  0:45  Drone  
  18  0:55  Hatchery  
  17  0:59  Drone  
  18  1:08  Extractor  
  17  1:13  Spawning Pool  
  17  1:16  Drone  
  17  1:21  Drone  
  18  1:30  Drone  
  19  1:39  Overlord  
  19  1:50  Drone  
  20  1:59  Queen  
  22  2:02  Zergling x2  
  22  2:07  Queen  
  22  2:08  Zergling x2  
  26  2:10  Metabolic Boost  
  26  2:12  Drone  
  27  2:18  Drone  
  28  2:23  Drone  
  28  2:29  Overlord  
  29  2:33  Drone  
  30  2:43  Queen  
  32  2:48  Drone x2  
  33  2:54  Drone  
  33  2:58  Roach Warren  
  33  3:00  Pneumatized Carapace  
  33  3:10  Extractor  
  32  3:13  Drone x6  
  32  3:19  Drone x2  
  40  3:21  Drone  
  40  3:23  Drone  
  42  3:30  Drone  
  43  3:43  Hatchery  
  43  3:45  Zergling x2  
  43  3:48  Overlord x2  
  43  3:57  Lair  
  43  4:08  Drone x7  
  50  4:13  Drone  
  50  4:15  Spore Crawler  
  50  4:18  Roach  
  50  4:22  Queen  
  56  4:24  Roach  
  56  4:25  Roach  
  56  4:29  Spore Crawler  
  57  4:44  Spore Crawler  
  57  4:45  Overlord  
  56  4:46  Overlord  
  56  4:47  Drone  
  56  4:48  Drone x2  
  56  4:50  Extractor  
  58  5:03  Queen, Drone x7  
  67  5:14  Drone x3  
  67  5:15  Drone x2  
  72  5:22  Evolution Chamber  
  72  5:23  Evolution Chamber  
  72  5:25  Drone x3  
  72  5:26  Infestation Pit  
  71  5:36  Drone x5  
  71  5:38  Overseer  
  76  5:46  Queen  
  75  5:52  Zerg Missile Weapons Level 1, Overlord, Zerg Ground Armor Level 1  
  75  6:04  Extractor  
  73  6:20  Extractor  
  73  6:21  Hatchery  
  73  6:22  Hive  
  69  6:30  Drone x3  
  69  6:32  Drone x3  
  75  6:33  Drone x3  
  75  6:34  Drone  
  75  6:37  Overlord x2  
  79  6:41  Extractor  
  79  6:44  Queen  
  78  7:01  Queen  
  80  7:14  Roach  
  80  7:15  Roach x11  
  104  7:20  Overlord x2  
  104  7:21  Overlord x2  
  104  7:38  Queen x3  
  108  7:59  Spore Crawler  
  107  8:11  Spire  
  99  8:13  Ultralisk Cavern  
  99  8:15  Drone x7  
  105  8:21  Drone x3  
  105  8:22  Drone x3  
  111  8:30  Ravager  
  111  8:31  Ravager x2  
  111  8:33  Pathogen Glands  
  111  8:34  Infestor x2  
  118  8:41  Overlord x2  
  118  8:58  Spore Crawler x2  
  118  9:01  Spore Crawler  
  115  9:03  Spore Crawler  
  114  9:14  Extractor  
  114  9:15  Hatchery  
  112  9:17  Infestor x2  
  112  9:18  Spire, Infestor x2  
  112  9:19  Extractor  
  112  9:22  Viper x2  
  112  9:23  Viper  
  127  9:26  Drone x3  
  127  9:27  Drone x2  
  127  9:28  Drone  
  133  9:43  Corruptor x4  
  133  9:45  Zerg Flyer Weapons Level 1, Corruptor  
  143  9:54  Hatchery  
  138  10:15  Corruptor x5  
  138  10:17  Corruptor  
  150  10:26  Corruptor  
  152  10:33  Overlord  
  152  10:34  Overlord x6  
  152  10:35  Overlord  
  152  10:39  Overlord x3  
  152  10:55  Drone x5  
  152  11:07  Overseer x3  
  143  11:43  Infestor x2  
  143  11:44  Viper x4  
  159  11:58  Drone x8  
  167  12:18  Extractor, Corruptor  
  167  12:19  Corruptor x7  
  176  12:42  Drone x7  
  176  12:43  Drone x3  
  175  12:53  Drone x5  
  181  12:58  Roach x2  
  181  13:02  Drone  
  182  13:13  Corruptor x4  
  182  13:16  Zerg Flyer Weapons Level 2  
  182  13:17  Greater Spire  
  178  13:58  Corruptor x2  
  178  13:59  Corruptor x3  
  186  14:12  Spore Crawler x2  
  186  14:13  Spore Crawler  
  182  14:19  Hatchery x2  
  180  14:27  Hatchery  
  180  14:30  Zerg Ground Armor Level 2, Zerg Missile Weapons Level 2  
  177  14:43  Brood Lord  
  179  14:59  Drone x2  
  180  15:09  Drone  
  180  15:10  Drone x3  
  180  15:14  Drone  
  181  15:24  Drone x2  
  183  15:32  Drone  
  184  15:51  Drone x3  
  184  15:52  Drone  
  188  16:07  Spore Crawler  
  188  16:09  Spore Crawler  
  186  16:11  Drone x3  
  189  16:27  Zerg Flyer Weapons Level 3  
  189  16:34  Spine Crawler  
  189  16:35  Spine Crawler  
  189  16:37  Extractor x2, Spore Crawler, Spine Crawler  
  183  16:51  Brood Lord x4  
  191  16:54  Brood Lord  
  191  16:57  Extractor  
  191  16:58  Extractor  
  191  17:14  Infestor  
  191  17:15  Infestor  
  193  17:16  Corruptor  
  193  17:17  Viper  
  198  17:38  Spire  
  198  17:40  Spore Crawler x3  
  187  18:54  Drone x2  
  187  18:55  Drone x3  
  186  19:06  Zerg Melee Weapons Level 1, Zerg Ground Armor Level 3  
  186  19:15  Greater Spire  
  186  20:02  Spore Crawler  
  186  20:04  Spore Crawler  
  183  20:13  Viper x6  
  183  20:14  Viper x2  
  156  21:03  Corruptor x10  
  138  21:17  Corruptor  
  138  21:27  Burrow  
  113  22:26  Hatchery  
  112  22:42  Brood Lord  
  112  22:43  Corruptor  
  116  22:49  Drone x11  
  127  22:53  Queen  
  127  22:54  Queen x3  
  134  23:00  Hatchery  
  134  23:05  Extractor  
  132  23:09  Drone x5  
  132  23:28  Drone x8  
  134  23:48  Queen  
  136  24:05  Drone x12  
  136  24:07  Extractor  
  136  24:08  Extractor  
  139  24:24  Corruptor x3, Queen  
  137  24:33  Drone x5  
  137  24:34  Drone x12  
  150  24:50  Drone  
  151  24:54  Ravager x2  
  151  24:59  Extractor  
  144  25:08  Extractor  
  143  25:30  Queen  
  145  25:40  Corruptor  
  145  25:41  Corruptor x2  
  150  25:56  Drone  
  150  25:57  Drone x2  
  153  25:58  Drone x3  
  153  25:59  Drone x5  
  153  26:00  Drone x3  
  153  26:03  Hatchery  
  163  26:06  Queen  
  165  26:12  Corruptor x3  
  160  27:00  Spine Crawler  
  160  27:01  Corruptor x6, Spine Crawler  
  158  27:02  Spine Crawler  
  158  27:04  Roach Warren  
  158  27:06  Spore Crawler  
  167  27:09  Spore Crawler  
  167  27:13  Overseer  
  168  27:23  Brood Lord  
  168  27:30  Drone x11  
  179  27:52  Drone x5  
  179  27:53  Drone x10  
  194  28:02  Viper  
  194  28:03  Viper  
  200  28:08  Spore Crawler  
  200  28:09  Spore Crawler  
  198  28:13  Spine Crawler  
  198  28:14  Spine Crawler  
  198  28:15  Spore Crawler  
  198  28:17  Spine Crawler  
  198  28:19  Spore Crawler  
  193  28:28  Spore Crawler  
  193  28:33  Infestor x3  
  198  28:34  Infestor, Spore Crawler  
  199  28:53  Ravager  
  200  29:09  Spine Crawler  
  199  29:10  Spore Crawler  
  199  29:12  Spore Crawler, Spine Crawler  
  199  29:13  Brood Lord  
  199  29:14  Brood Lord  
  199  29:15  Spore Crawler  
  199  29:16  Spore Crawler, Spine Crawler  
  179  30:11  Corruptor  
  179  30:12  Corruptor x10  
  192  30:26  Corruptor  
  182  30:42  Brood Lord  
  182  30:57  Hatchery  
  181  31:37  Drone x13  
  178  31:55  Drone x2  
  178  31:56  Drone x3  
  178  32:00  Drone x3  
  178  32:01  Drone  
  187  32:02  Drone x2  
  187  32:03  Zerg Flyer Armor Level 1  
  189  32:09  Brood Lord x3  
  195  32:24  Spore Crawler x2  
  195  32:25  Spore Crawler  
  192  32:52  Spore Crawler x3  
  192  32:55  Brood Lord x2  
  193  33:02  Spore Crawler  
  193  33:03  Drone x2, Spore Crawler  
  193  33:04  Spore Crawler, Drone x3  
  193  33:05  Spore Crawler x2  
  193  33:07  Spore Crawler  
  192  33:13  Drone x2  
  192  33:14  Drone x2  
  180  33:52  Viper x4  
  180  33:53  Viper x2  
  191  35:21  Spore Crawler  
  184  35:44  Hatchery  
  182  36:09  Viper  
  182  36:10  Viper  
  186  36:44  Zerg Flyer Armor Level 2, Drone x2  
  186  36:46  Drone  
  186  36:47  Drone x3  
  191  36:54  Drone x2  
  193  36:55  Drone x2  
  195  37:15  Drone  
  195  37:16  Drone x4  
  195  38:53  Spore Crawler  
  195  38:54  Spore Crawler  
  190  39:24  Drone x5  
  189  39:25  Drone  
  190  40:09  Spore Crawler  
  190  40:10  Spore Crawler  
  188  40:17  Infestor  
  188  40:18  Infestor x2  
  188  40:19  Infestor  
  196  40:22  Ravager x3  
  196  40:23  Ravager  
  196  40:28  Zerg Melee Weapons Level 2  
  200  40:29  Zerg Flyer Armor Level 3  
  197  42:20  Brood Lord  
  181  45:08  Corruptor x5  
  181  45:09  Corruptor x4  
Tags
 
Add a new tag
Caveats
  • Supply blocks, unpowered buildings, or Contaminate may cause inaccurate times.
  • Supply counts are checked every 10 seconds.